 Dungeon Crawl Stone Soup version 0.21.1-1-g345015f (webtiles) character file.

107 pk666 the Magician (level 4, 0/24 HPs)
             Began as a Deep Elf Wizard on Feb 13, 2018.
             Slain by a jackal (3 damage)
             ... on level 2 of the Dungeon.
             The game lasted 00:03:02 (1840 turns).

pk666 the Magician (Deep Elf Wizard)                Turns: 1840, Time: 00:03:03

Health: 0/24       AC:  2    Str:  4    XL:     4   Next: 57%
Magic:  0/13       EV: 13    Int: 24    God:
Gold:   61         SH:  0    Dex: 13    Spells: 4/13 levels left

rFire    . . .     SeeInvis .   f - +0 dagger
rCold    . . .     Gourm    .   (no shield)
rNeg     . . .     Faith    .   a - +0 robe
rPois    .         Spirit   .   b - +0 hat
rElec    .         Reflect  .   (no cloak)
rCorr    .         Harm     .   (no gloves)
MR       .....                  (no boots)
Stlth    ++........             (no amulet)
HPRegen  0.08/turn              (no ring)
MPRegen  0.13/turn              (no ring)

@: no status effects
A: no striking features
a: no special abilities


You were on level 2 of the Dungeon.
You were not hungry.

You visited 1 branch of the dungeon, and saw 2 of its levels.

You collected 61 gold pieces.

Inventory:

Hand Weapons
 f - a +0 dagger (weapon)
Missiles
 g - 2 silver javelins (quivered)
Armour
 a - a +0 robe (worn)
 b - a +0 hat (worn)
Scrolls
 e - 3 scrolls of identify {unknown}
 l - a scroll of enchant weapon {unknown}
 m - 2 scrolls of fog {unknown}
 n - 2 scrolls of remove curse {unknown}
 o - a scroll of noise {unknown}
 q - a scroll of magic mapping {unknown}
 r - a scroll of blinking {unknown}
Potions
 h - 2 potions of lignification {unknown}
 i - a potion of curing {unknown}
 j - a potion of agility {unknown}
 p - 2 potions of brilliance {unknown}
Books
 c - a book of Minor Magic

   Spells                             Type                      Level
   a - Magic Dart                     Conjuration                  1
   b - Blink                          Translocation                2
   c - Call Imp                       Summoning                    2
   d - Slow                           Hexes                        2
   e - Conjure Flame                  Conjuration/Fire             3
   f - Mephitic Cloud                 Conjuration/Poison/Air       3
Comestibles
 d - 4 rations


   Skills:
 + Level 1.2 Short Blades
 + Level 3.3 Dodging
 - Level 2.4 Stealth
 + Level 5.2 Spellcasting
 + Level 2.4 Conjurations
   Level 1.1 Summonings
 - Level 1.1 Translocations
 * Level 1.0 Fire Magic
 * Level 0.8 Air Magic
 * Level 1.0 Poison Magic


You had 4 spell levels left.
You knew the following spells:

 Your Spells              Type           Power        Failure   Level  Hunger
a - Magic Dart            Conj           ###.         3%          1    None
b - Blink                 Tloc           N/A          9%          2    None
d - Conjure Flame         Conj/Fire      ##......     13%         3    ##.....
z - Mephitic Cloud        Conj/Pois/Air  ##......     14%         3    ##.....


Dungeon Overview and Level Annotations

Branches:
Dungeon (2/15)

Altars:

Annotations:
D:2 Natasha


Message History

The jackal misses you.
You hit the jackal but do no damage.
The jackal is severely wounded.
The jackal closely misses you.
You hit the jackal but do no damage.
The jackal is severely wounded.
The jackal closely misses you.
The jackal bites you but does no damage.
You closely miss the jackal.
The jackal is severely wounded.
The jackal barely misses you.
Natasha, Servant of Life and Death comes into view.
Casting: Magic Dart
Confirm with . or Enter, or press ? or * to list all spells.
You don't have enough magic to cast that spell.
You closely miss the jackal.
The jackal is severely wounded.
Natasha hisses angrily.
The jackal bites you.
You die...

##.........##..#
#.#...........#..#
#.#..........##..#
###.#..............#
.............####.##
###.........###...#
.......)..#.# #.###
###†h......# #.#
#@...>...# #.#
##........# #.#
#.........# #.#
#.#.......# #.#
#.#.......# #.#
##########
#.#.......# #.#
.........#
#.####.#### #.#
########.# #h# #...#
#.# #.# #.# ###.#
#.#


You could see Natasha and a jackal.

Vanquished Creatures
  Natasha (twice) (D:2)
  2 adders (D:2)
  A worm (D:2)
  A dart slug (D:1)
  2 leopard geckos
  3 bats (D:1)
  A giant cockroach (D:2)
  6 goblins
  A hobgoblin (D:1)
  6 jackals (D:2)
  A kobold (D:1)
  6 rats
32 creatures vanquished.

Notes
Turn   | Place    | Note
-------+----------+-------------------------------------------
     0 | D:1      | pk666 the Deep Elf Wizard began the quest for the Orb.
     0 | D:1      | Reached XP level 1. HP: 10/10 MP: 7/7
   206 | D:1      | Reached XP level 2. HP: 15/15 MP: 2/9
  1106 | D:2      | Noticed Natasha
  1120 | D:2      | Killed Natasha
  1120 | D:2      | Reached skill level 5 in Spellcasting
  1120 | D:2      | Reached XP level 3. HP: 14/19 MP: 0/11
  1233 | D:2      | Learned a level 2 spell: Blink
  1237 | D:2      | Learned a level 3 spell: Mephitic Cloud
  1241 | D:2      | Learned a level 3 spell: Conjure Flame
  1247 | D:2      | Reached skill level 1 in Short Blades
  1466 | D:2      | Reached XP level 4. HP: 24/24 MP: 9/13
  1806 | D:2      | Noticed Natasha
  1813 | D:2      | Killed Natasha
  1813 | D:2      | Reached skill level 1 in Fire Magic
  1813 | D:2      | Reached skill level 1 in Poison Magic
  1840 | D:2      | Noticed Natasha
  1840 | D:2      | Slain by a jackal

Skill      XL: |  1  2  3  4 |
---------------+-------------+-----
Dodging        | 3 |  3.3
Spellcasting   | 5 |  5.2
Conjurations   | 2 |  2.4
Short Blades   | 1 |  1.2
Fire Magic     | 1 |  1.0
Poison Magic   | 1 |  1.0
Stealth        | |  2.4
Summonings     | |  1.1
Translocations | |  1.1
Air Magic      | |  0.8

Action                   |  1- 3 |  4- 6 || total
-------------------------+-------+-------++-------
Melee: Dagger            |     3 |    16 ||    19
 Cast: Magic Dart        |    58 |    36 ||    94
  Eat: Chunk             |     2 |     1 ||     3
Armor: Robe              |     4 |    10 ||    14
Dodge: Dodged            |     9 |    26 ||    35
